 Dungeon Crawl Stone Soup version 0.28.0-45-g0d030f2227 (webtiles) character file.

Game seed: 9154763220538365639

191 protoss039 the Digger (level 5, -2/28 HPs)
             Began as a Gargoyle Earth Elementalist on Apr 30, 2022.
             Slain by Duvessa
             ... wielding a +0 short sword
              (10 damage)
             ... on level 4 of the Dungeon.
             The game lasted 00:07:40 (2947 turns).

protoss039 the Digger (Gargoyle Earth Elementalist) Turns: 2947, Time: 00:07:40

Health: -2/28      AC: 10    Str: 12    XL:     5   Next: 70%
Magic:  0/10       EV: 10    Int: 17    God:
Gold:   168        SH:  0    Dex: 10    Spells: 5/11 levels left

rFire   + . .      SeeInvis .   m - +0 hand axe (vamp)
rCold   . . .      Faith    .   (no shield)
rNeg    + . .      Spirit   .   e - +0 ring mail
rPois   ∞          Reflect  .   o - +0 helmet
rElec   +          Harm     .   (no cloak)
rCorr   .          Rampage  .   (no gloves)
Will    .....                   (no boots)
Stlth   +.........              (no amulet)
HPRegen 0.09/turn               i - ring of protection from fire
MPRegen 0.12/turn               (no ring)

@: no status effects
A: sickness immunity, AC +4, negative energy resistance 1, electricity
resistance, torment resistance 1, petrification resistance
a: no special abilities


You were on level 4 of the Dungeon.
You visited 1 branch of the dungeon, and saw 4 of its levels.

You collected 168 gold pieces.

Inventory:

Hand Weapons
 m - a +0 vampiric hand axe (weapon)
Missiles
 c - 22 stones
Armour
 e - a +0 ring mail (worn)
 o - a +0 helmet (worn)
Jewellery
 g - a +6 ring of strength
 i - a ring of protection from fire (left hand)
Wands
 l - a wand of iceblast (9)
Scrolls
 b - a scroll of identify
 k - a scroll of teleportation {unknown}
 n - a scroll of fog {unknown}
Potions
 a - 2 potions of degeneration
 d - 2 potions of brilliance {unknown}
 f - 2 potions of curing
 h - 2 potions of heal wounds
 j - a potion of mutation {unknown}


   Skills:
 - Level 1.5 Dodging
 - Level 2.1 Stealth
 + Level 3.9 Spellcasting
 - Level 1.0 Transmutations
 + Level 5.8 Earth Magic


You had 5 spell levels left.
You knew the following spells:

 Your Spells              Type           Power      Damage    Failure   Level
a - Sandblast             Erth           46%        2d11      3%          1
b - Passwall              Tmut/Erth      11%        N/A       14%         2
c - Stone Arrow           Conj/Erth      26%        3d8       32%         3

Your spell library contained the following spells:

 Spells                   Type           Power      Damage    Failure   Level
 Corpse Rot               Necr/Air       6%         N/A       50%         2
 Poisonous Vapours        Pois/Air       6%         N/A       50%         2
 Petrify                  Tmut/Erth      14%        N/A       65%         4


Dungeon Overview and Level Annotations

Branches:
Dungeon (4/15)
 Temple: D:4-7

Altars:
Yredelemnul

Annotations:
D:4 Dowan, Duvessa


Innate Abilities, Weirdness & Mutations

You are immune to sickness and miasma.
Your stone body is resilient. (AC +4)
You are immune to poison.
You resist negative energy. (rN+)
You are resistant to electric shocks. (rElec)
You are resistant to unholy torment.
You are immune to petrification.


Message History

Dowan blinks!
Duvessa hits you but does no damage.
Your magical contamination has completely faded away.
Casting: Sandblast (safe; 3% risk of failure)
Confirm with . or Enter, or press ? or * to list all spells.
Aiming: Sandblast (safe; 3% risk of failure)
Press: ? - help, Shift-Dir - straight line, f - Dowan, p - Duvessa
Aim: Dowan, wielding a +1 dagger of venom and wearing a +2 robe of resistance (heavily wounded, 73% to hit)
The blast of sand hits Duvessa!
Duvessa is heavily wounded.
Duvessa drinks a potion.
Duvessa is healed!
Casting: Sandblast (safe; 3% risk of failure)
Confirm with . or Enter, or press ? or * to list all spells.
Aiming: Sandblast (safe; 3% risk of failure)
Press: ? - help, Shift-Dir - straight line, f/p - Dowan
Aim: Dowan, wielding a +1 dagger of venom and wearing a +2 robe of resistance (heavily wounded, 73% to hit)
The blast of sand hits Duvessa but does no damage.
Duvessa is moderately wounded.
Duvessa completely misses you. Duvessa hits you with a +0 short sword.
Dowan casts a spell.
Dowan blinks!
Unknown command.
Casting: Sandblast (safe; 3% risk of failure)
Confirm with . or Enter, or press ? or * to list all spells.
Aiming: Sandblast (safe; 3% risk of failure)
Press: ? - help, Shift-Dir - straight line, f - Duvessa
Aim: Duvessa, wielding a +0 short sword and wearing a +0 leather armour (moderately wounded, fast, 83% to hit)
The blast of sand misses Duvessa.
Duvessa hits you with a +0 short sword.
* * * LOW HITPOINT WARNING * * *
Unknown command.
Casting: Sandblast (safe; 3% risk of failure)
Confirm with . or Enter, or press ? or * to list all spells.
Aiming: Sandblast (safe; 3% risk of failure)
Press: ? - help, Shift-Dir - straight line, f/p - Duvessa
Aim: Duvessa, wielding a +0 short sword and wearing a +0 leather armour (moderately wounded, fast, 83% to hit)
The blast of sand hits Duvessa!
Duvessa is heavily wounded.
Duvessa says, "My weaknesses are his strengths!"
Duvessa hits you with a +0 short sword!
You die...

##### ###############
####...###.............#
......................>#
........#..............#
.)......##....e........#
................§......#
..........#'####e#######
..........#.# #@#
....###+###.####.##
....# #..e....# ...##
#..###.## .... #..# #.#
.... ##..###.# #....##.#
+....##.# #....##.#


You could see Duvessa (fast) and Dowan.

Vanquished Creatures
  A scorpion (D:2)
  Ijyb (D:3)
  4 adders
  2 dart slugs (D:3)
  A worm (D:3)
  4 orcs (D:3)
  4 endoplasms
  2 giant cockroaches (D:1)
  5 goblins
  7 hobgoblins
  2 quokkas
  A ball python (D:3)
  9 bats
  15 frilled lizards
  2 kobolds
  6 rats
66 creatures vanquished.

Vanquished Creatures (others)
  7 plants (D:3)
7 creatures vanquished.

Grand Total: 73 creatures vanquished

Notes
Turn   | Place    | Note
-------+----------+-------------------------------------------
     0 | D:1      | protoss039 the Gargoyle Earth Elementalist began the quest
                  | for the Orb.
     0 | D:1      | Reached XP level 1. HP: 10/10 MP: 3/3
   238 | D:1      | Reached skill level 1 in Transmutations
   553 | D:1      | Reached XP level 2. HP: 15/15 MP: 0/5
   573 | D:1      | Reached skill level 4 in Earth Magic
   677 | D:1      | Found a faded altar of an unknown god.
  1031 | D:2      | Reached XP level 3. HP: 17/19 MP: 4/6
  1354 | D:2      | Noticed a scorpion
  1362 | D:2      | Killed a scorpion
  1363 | D:2      | Reached skill level 5 in Earth Magic
  1363 | D:2      | Reached XP level 4. HP: 12/24 MP: 1/8
  1822 | D:2      | Learned a level 2 spell: Passwall
  1826 | D:2      | Learned a level 3 spell: Stone Arrow
  2020 | D:3      | Found a basalt altar of Yredelemnul.
  2038 | D:3      | Reached XP level 5. HP: 28/28 MP: 10/10
  2173 | D:3      | Noticed Ijyb
  2183 | D:3      | Killed Ijyb
  2914 | D:4      | Noticed Dowan
  2916 | D:4      | Noticed Duvessa
  2939 | D:4      | HP: 1/28 [Duvessa/+0 short sword (8)]
  2947 | D:4      | Slain by Duvessa

Illustrated notes

Levels and vault maps discovered:
D:1:      minmay_arrival_up_and_down, layout_basic,
          hellmonk_ecumenical_altar_run_dry, minmay_ruptured
D:2:      layout_loops_cross
D:3:      layout_loops_ring, amcnicky_altar_gilded, serial_aquarium,
          aquarium_bridge_square [aquarium_subvault_bridge,
          aquarium_subvault_wall, aquarium_subvault_window,
          aquarium_subvault_window], aquarium_window_1, aquarium_window_corner,
          aquarium_view_2e, aquarium_balcony_double_1, minmay_lizard_king,
          uniq_ijyb
D:4:      layout_basic, led_sif_book, minmay_puff, uniq_duvessa, uniq_natasha

Skill      XL: |  1  2  3 |
---------------+----------+-----
Transmutations | 1 |  1.0
Earth Magic    | 4 5 |  5.8
Spellcasting   | 3 |  3.9
Dodging        | |  1.5
Stealth        | |  2.1

Action                   |  1- 3 |  4- 6 || total
-------------------------+-------+-------++-------
Melee: Unarmed           |    19 |       ||    19
       Punch             |     2 |     3 ||     5
       Spear             |    39 |    91 ||   130
       Hand axe          |       |    73 ||    73
 Cast: Sandblast         |    16 |    17 ||    33
       Stone Arrow       |       |     2 ||     2
  Use: Scroll            |       |     1 ||     1
       Potion            |       |     1 ||     1
 Stab: Sleeping          |     1 |     1 ||     2
Armor: Ring mail         |    30 |    75 ||   105
       Robe              |     3 |       ||     3
Dodge: Dodged            |    44 |   118 ||   162
